TOP OF THE 1ST |
Columbia Fireflies batting - Pitching for Tennessee Smokies : RHP Eric Allen
|
Pitching: RHP Eric Allen
|
|
Batting: RHB Billy Walker
|
0-0: Ball 1-0: Foul Ball, location: 2F 1-1: Ball 2-1: Fly out, F9 (Flyball, 89XD, EV 95.6 MPH)
|
Batting: RHB Josh Jones
|
0-0: Ball 1-0: SINGLE (Groundball, 6MS, EV 66.9 MPH) (infield hit)
|
Batting: RHB Masaya Nakamura
|
0-0: Ball 1-0: Ball 2-0: Ball Josh Jones steals 2nd base 3-0: Called Strike 3-1: Fly out, F7 (Flyball, 7S, EV 79.4 MPH)
|
Batting: LHB Jose Chavez
|
0-0: SINGLE (Groundball, 6, EV 93.8 MPH) Josh Jones to third Runner from 3rd tries for Home, SAFE, throw by LF to home
|
Batting: RHB Mike Phillips
|
0-0: Ball 1-0: Called Strike 1-1: Ball 2-1: Foul Ball, location: 2F 2-2: Ball Jose Chavez steals 2nd base 3-2: SINGLE (Groundball, 4MD, EV 103.8 MPH) Jose Chavez to third Runner from 3rd tries for Home, SAFE, throw by CF to home
|
Batting: LHB Elmo Dreier
|
0-0: Ball 1-0: Ball 2-0: Fielders Choice at 2nd, 6-4 (Groundball, 6, EV 100.6 MPH)
|
Top of the 1st over - 2 runs, 3 hits, 0 errors, 1 left on base; Columbia 2 - Tennessee 0 |
BOTTOM OF THE 1ST |
Tennessee Smokies batting - Pitching for Columbia Fireflies : RHP David Anzaldua
|
Pitching: RHP David Anzaldua
|
|
Batting: LHB Brent Dutcher
|
0-0: Called Strike 0-1: Called Strike 0-2: Fly out, F8 (Flyball, 89D, EV 101.9 MPH)
|
Batting: RHB Adam Kelliher
|
0-0: Swinging Strike 0-1: Foul Ball, location: 2F 0-2: Ball 1-2: Ball 2-2: Strikes out looking
|
Batting: RHB Heitaro Tanaka
|
0-0: Called Strike 0-1: Ball 1-1: Fly out, F9 (Flyball, 89D, EV 89.4 MPH)
|
Bottom of the 1st over - 0 runs, 0 hits, 0 errors, 0 left on base; Columbia 2 - Tennessee 0 |
TOP OF THE 2ND |
Columbia Fireflies batting - Pitching for Tennessee Smokies : RHP Eric Allen
|
Batting: RHB Chris Nelson
|
0-0: Ball 1-0: Foul Ball, location: 2F 1-1: Foul Ball, location: 2F 1-2: Foul Ball, location: 2F 1-2: Ground out 1-5-3 (Groundball, 15S, EV 106.2 MPH)
|
Batting: RHB Jeff Page
|
0-0: SINGLE (Groundball, 34D, EV 108.8 MPH)
|
Batting: RHB Jerry Burch
|
0-0: Called Strike 0-1: Foul Ball, location: 2F 0-2: Ball 1-2: Ball 2-2: Foul Ball, location: 2F 2-2: Ball 3-2: Strikes out swinging
|
Batting: RHB Billy Walker
|
0-0: Called Strike 0-1: Foul Ball, location: 2F 0-2: Foul Ball, location: 2F 0-2: Fielders Choice at 2nd, 6-4 (Groundball, 6, EV 86.2 MPH)
|
Top of the 2nd over - 0 runs, 1 hit, 0 errors, 1 left on base; Columbia 2 - Tennessee 0 |
BOTTOM OF THE 2ND |
Tennessee Smokies batting - Pitching for Columbia Fireflies : RHP David Anzaldua
|
Batting: RHB Bobby Gray
|
0-0: Called Strike 0-1: Swinging Strike 0-2: Ball 1-2: Foul Ball, location: 2F 1-2: Ground out 4-3 (Groundball, 4, EV 102.5 MPH)
|
Batting: RHB Brian Warren
|
0-0: Ball 1-0: Swinging Strike 1-1: Fly out, F9 (Flyball, 9S, EV 93.1 MPH)
|
Batting: LHB Brian Newton
|
0-0: Ground out 3-1 (Groundball, 34, EV 95.0 MPH)
|
Bottom of the 2nd over - 0 runs, 0 hits, 0 errors, 0 left on base; Columbia 2 - Tennessee 0 |
TOP OF THE 3RD |
Columbia Fireflies batting - Pitching for Tennessee Smokies : RHP Eric Allen
|
Batting: RHB Josh Jones
|
0-0: Called Strike 0-1: Ground out 5-3 (Groundball, 5S, EV 88.1 MPH)
|
Batting: RHB Masaya Nakamura
|
0-0: Ball 1-0: Foul Ball, location: 2F 1-1: Ball 2-1: Ground out 6-3 (Groundball, 6M, EV 80.0 MPH)
|
Batting: LHB Jose Chavez
|
0-0: Called Strike 0-1: Swinging Strike 0-2: Strikes out looking
|
Top of the 3rd over - 0 runs, 0 hits, 0 errors, 0 left on base; Columbia 2 - Tennessee 0 |
BOTTOM OF THE 3RD |
Tennessee Smokies batting - Pitching for Columbia Fireflies : RHP David Anzaldua
|
Batting: RHB Nick Kleckner
|
0-0: Called Strike 0-1: Swinging Strike 0-2: Ball 1-2: Ball 2-2: Foul Ball, location: 2F 2-2: Ground out 4-3 (Groundball, 34, EV 110.0 MPH)
|
Batting: RHB John Iddings
|
0-0: Foul Ball, location: 2F 0-1: Ball 1-1: Called Strike 1-2: Ground out U3 (Groundball, 3L, EV 81.2 MPH)
|
Batting: RHB Vij Ramamani
|
0-0: Ball 1-0: Called Strike 1-1: Ball 2-1: Ball 3-1: Called Strike 3-2: Fly out, F9 (Flyball, 9D, EV 101.9 MPH)
|
Bottom of the 3rd over - 0 runs, 0 hits, 0 errors, 0 left on base; Columbia 2 - Tennessee 0 |
TOP OF THE 4TH |
Columbia Fireflies batting - Pitching for Tennessee Smokies : RHP Eric Allen
|
Batting: RHB Mike Phillips
|
0-0: Ball 1-0: Foul Ball, location: 2F 1-1: Foul Ball, location: 2F 1-2: Fly out, F8 (Line Drive, 8RD, EV 93.1 MPH)
|
Batting: LHB Elmo Dreier
|
0-0: DOUBLE (Line Drive, 9LM, EV 100.0 MPH)
|
Batting: RHB Chris Nelson
|
0-0: Called Strike 0-1: Called Strike Elmo Dreier steals 3rd base 0-2: Ground out 2-3 (Groundball, 13S, EV 70.0 MPH)
|
Batting: RHB Jeff Page
|
0-0: DOUBLE (Line Drive, 7LS, EV 92.5 MPH) Elmo Dreier scores
|
Batting: RHB Jerry Burch
|
0-0: Ball 1-0: Swinging Strike 1-1: SINGLE (Groundball, 6MS, EV 67.5 MPH) (infield hit) Jeff Page to third
|
Batting: RHB Billy Walker
|
0-0: Called Strike 0-1: Called Strike 0-2: Ball 1-2: Ball 2-2: TRIPLE (Flyball, 7LD, EV 104.4 MPH) Jeff Page scores Jerry Burch scores
|
Pitching: RHP Ryan Masterson
|
|
Batting: RHB Josh Jones
|
0-0: Ball 1-0: SINGLE (Line Drive, 8LM, EV 103.8 MPH) Billy Walker scores
|
Batting: RHB Masaya Nakamura
|
0-0: Ball 1-0: Called Strike 1-1: Ball 2-1: Called Strike 2-2: Strikes out swinging
|
Top of the 4th over - 4 runs, 5 hits, 0 errors, 1 left on base; Columbia 6 - Tennessee 0 |
BOTTOM OF THE 4TH |
Tennessee Smokies batting - Pitching for Columbia Fireflies : RHP David Anzaldua
|
Batting: LHB Brent Dutcher
|
0-0: Called Strike 0-1: Ball 1-1: Fly out, F8 (Flyball, 78D, EV 93.8 MPH)
|
Batting: RHB Adam Kelliher
|
0-0: Ball 1-0: Ball 2-0: Foul Ball, location: 2F 2-1: Called Strike 2-2: Ball 3-2: Strikes out looking
|
Batting: RHB Heitaro Tanaka
|
0-0: Ball 1-0: Foul Ball, location: 2F 1-1: Ball 2-1: DOUBLE (Line Drive, 7LM, EV 109.4 MPH)
|
Batting: RHB Bobby Gray
|
0-0: Ground out 4-3 (Groundball, 4M, EV 98.8 MPH)
|
Bottom of the 4th over - 0 runs, 1 hit, 0 errors, 1 left on base; Columbia 6 - Tennessee 0 |
TOP OF THE 5TH |
Columbia Fireflies batting - Pitching for Tennessee Smokies : RHP Ryan Masterson
|
Batting: LHB Jose Chavez
|
0-0: Foul Ball, location: 2F 0-1: Foul Ball, location: 2F 0-2: Strikes out looking
|
Batting: RHB Mike Phillips
|
0-0: Ball 1-0: Ball 2-0: Ball 3-0: Base on Balls
|
Batting: LHB Elmo Dreier
|
0-0: Ball 1-0: Ball 2-0: Ball 3-0: Grounds into double play, 4-6-3 (Groundball, 4, EV 81.9 MPH)
|
Top of the 5th over - 0 runs, 0 hits, 0 errors, 0 left on base; Columbia 6 - Tennessee 0 |
BOTTOM OF THE 5TH |
Tennessee Smokies batting - Pitching for Columbia Fireflies : RHP David Anzaldua
|
Batting: RHB Brian Warren
|
0-0: Foul Ball, location: 2F 0-1: Called Strike 0-2: Ball 1-2: Ball 2-2: DOUBLE (Groundball, 5L, EV 97.5 MPH)
|
Batting: LHB Brian Newton
|
0-0: Ball 1-0: Ground out 3-1 (Groundball, 34S, EV 86.2 MPH) Brian Warren to third
|
Batting: RHB Nick Kleckner
|
0-0: Called Strike 0-1: Ball 1-1: Called Strike 1-2: Foul Ball, location: 2F 1-2: Ball 2-2: Strikes out looking
|
Batting: RHB John Iddings
|
0-0: Called Strike 0-1: Foul Ball, location: 2F 0-2: Strikes out swinging
|
Bottom of the 5th over - 0 runs, 1 hit, 0 errors, 1 left on base; Columbia 6 - Tennessee 0 |
TOP OF THE 6TH |
Columbia Fireflies batting - Pitching for Tennessee Smokies : RHP Ryan Masterson
|
Batting: RHB Chris Nelson
|
0-0: Ball 1-0: Ball 2-0: Called Strike 2-1: Swinging Strike 2-2: Strikes out swinging
|
Batting: RHB Jeff Page
|
0-0: Foul Ball, location: 2F 0-1: Ball 1-1: Swinging Strike 1-2: Strikes out swinging
|
Batting: RHB Jerry Burch
|
0-0: Ball 1-0: Ball 2-0: Reached on error, E6 (Groundball, 56D, EV 106.2 MPH)
|
Batting: RHB Billy Walker
|
0-0: Foul Ball, location: 2F 0-1: Called Strike 0-2: Fielders Choice at 2nd, 6-4 (Groundball, 6, EV 87.5 MPH)
|
Top of the 6th over - 0 runs, 0 hits, 1 error, 1 left on base; Columbia 6 - Tennessee 0 |
BOTTOM OF THE 6TH |
Tennessee Smokies batting - Pitching for Columbia Fireflies : RHP David Anzaldua
|
Batting: RHB Vij Ramamani
|
0-0: Called Strike 0-1: Called Strike 0-2: Foul Ball, location: 2F 0-2: Strikes out swinging
|
Batting: LHB Brent Dutcher
|
0-0: Ground out 4-3 (Groundball, 4, EV 87.5 MPH)
|
Batting: RHB Adam Kelliher
|
0-0: Ball 1-0: Swinging Strike 1-1: Swinging Strike 1-2: Strikes out looking
|
Bottom of the 6th over - 0 runs, 0 hits, 0 errors, 0 left on base; Columbia 6 - Tennessee 0 |
TOP OF THE 7TH |
Columbia Fireflies batting - Pitching for Tennessee Smokies : RHP Ryan Masterson
|
Batting: RHB Josh Jones
|
0-0: Ball 1-0: Ground out 1-3 (Groundball, 13S, EV 70.0 MPH)
|
Batting: RHB Masaya Nakamura
|
0-0: SINGLE (Groundball, 56D, EV 96.2 MPH)
|
Batting: LHB Jose Chavez
|
0-0: Foul Ball, location: 2F 0-1: Ball 1-1: Ball 2-1: Fly out, F7 (Flyball, 7D, EV 98.8 MPH)
|
Batting: RHB Mike Phillips
|
0-0: Ball 1-0: Ball 2-0: Foul Ball, location: 2F 2-1: Swinging Strike 2-2: Ball 3-2: Foul Ball, location: 2F 3-2: Foul Ball, location: 2F 3-2: Foul Ball, location: 2F 3-2: Base on Balls Masaya Nakamura to second
|
Batting: LHB Elmo Dreier
|
0-0: Ball 1-0: Ball 2-0: Ball 3-0: Called Strike 3-1: Base on Balls Masaya Nakamura to third Mike Phillips to second
|
Batting: RHB Chris Nelson
|
0-0: Swinging Strike 0-1: Swinging Strike 0-2: Fly out, F7 (Flyball, 7LD, EV 92.5 MPH)
|
Top of the 7th over - 0 runs, 1 hit, 0 errors, 3 left on base; Columbia 6 - Tennessee 0 |
BOTTOM OF THE 7TH |
Tennessee Smokies batting - Pitching for Columbia Fireflies : RHP David Anzaldua
|
Batting: RHB Heitaro Tanaka
|
0-0: Foul Ball, location: 2F 0-1: Foul Ball, location: 2F 0-2: Foul Ball, location: 2F 0-2: Ball 1-2: Ball 2-2: Ground out 4-3 (Groundball, 34, EV 105.0 MPH)
|
Batting: RHB Bobby Gray
|
0-0: Ground out 4-3 (Groundball, 4, EV 101.9 MPH)
|
Batting: RHB Brian Warren
|
0-0: Ground out 4-3 (Groundball, 4, EV 102.5 MPH)
|
Bottom of the 7th over - 0 runs, 0 hits, 0 errors, 0 left on base; Columbia 6 - Tennessee 0 |
TOP OF THE 8TH |
Columbia Fireflies batting - Pitching for Tennessee Smokies : RHP Ryan Masterson
|
Pitching: LHP Neal Brody
|
|
Batting: RHB Jeff Page
|
0-0: Called Strike 0-1: Ball 1-1: Swinging Strike 1-2: Ball 2-2: Foul Ball, location: 2F 2-2: Strikes out swinging
|
Batting: RHB Jerry Burch
|
0-0: Ball 1-0: Called Strike 1-1: Ball 2-1: Foul Ball, location: 2F 2-2: Ball 3-2: Strikes out swinging
|
Batting: RHB Billy Walker
|
0-0: Called Strike 0-1: Ball 1-1: Ball 2-1: Swinging Strike 2-2: Ball 3-2: Strikes out looking
|
Top of the 8th over - 0 runs, 0 hits, 0 errors, 0 left on base; Columbia 6 - Tennessee 0 |
BOTTOM OF THE 8TH |
Tennessee Smokies batting - Pitching for Columbia Fireflies : RHP David Anzaldua
|
Batting: LHB Brian Newton
|
0-0: Ball 1-0: Called Strike 1-1: Fly out, F6 (Popup, 4M, EV 71.9 MPH)
|
Batting: RHB Nick Kleckner
|
0-0: Called Strike 0-1: Foul Ball, location: 2F 0-2: Ball 1-2: Ball 2-2: Strikes out looking
|
Batting: RHB John Iddings
|
0-0: Foul Ball, location: 2F 0-1: Called Strike 0-2: Strikes out looking
|
Bottom of the 8th over - 0 runs, 0 hits, 0 errors, 0 left on base; Columbia 6 - Tennessee 0 |
TOP OF THE 9TH |
Columbia Fireflies batting - Pitching for Tennessee Smokies : LHP Neal Brody
|
Batting: RHB Josh Jones
|
0-0: Swinging Strike 0-1: Ball 1-1: Called Strike 1-2: SINGLE (Groundball, 34D, EV 109.4 MPH)
|
Batting: RHB Masaya Nakamura
|
0-0: Ball 1-0: Ball 2-0: Fielders Choice at 2nd, 4-6 (Groundball, 4MD, EV 85.0 MPH)
|
Batting: LHB Jose Chavez
|
0-0: Called Strike 0-1: Ball 1-1: Foul Ball, location: 2F 1-2: Fly out, F7 (Flyball, 7, EV 75.0 MPH)
|
Batting: RHB Mike Phillips
|
0-0: Ball 1-0: Ball 2-0: Ball 3-0: Base on Balls Masaya Nakamura to second
|
Batting: LHB Elmo Dreier
|
0-0: Called Strike 0-1: DOUBLE (Line Drive, 7LM, EV 101.2 MPH) Masaya Nakamura scores Mike Phillips to third Runner from 3rd tries for Home, SAFE, no throw by LF
|
Batting: RHB Chris Nelson
|
0-0: Swinging Strike 0-1: Foul Ball, location: 2F 0-2: Ball 1-2: Ball Wild Pitch! Elmo Dreier to third 2-2: Strikes out swinging
|
Top of the 9th over - 2 runs, 2 hits, 0 errors, 1 left on base; Columbia 8 - Tennessee 0 |
BOTTOM OF THE 9TH |
Tennessee Smokies batting - Pitching for Columbia Fireflies : RHP David Anzaldua
|
Pinch Hitting: SHB Alvaro Andrade
|
0-0: Ball 1-0: Ball 2-0: Called Strike 2-1: DOUBLE (Flyball, 8RXD, EV 92.5 MPH)
|
Batting: LHB Brent Dutcher
|
0-0: Called Strike 0-1: Called Strike 0-2: Ball 1-2: Ball 2-2: Foul Ball, location: 2F 2-2: Ball 3-2: Base on Balls
|
Pitching: RHP Battista Aldobrandini
|
|
Batting: RHB Adam Kelliher
|
0-0: DOUBLE (Flyball, 8RD, EV 89.4 MPH) Alvaro Andrade scores Brent Dutcher to third
|
Batting: RHB Heitaro Tanaka
|
0-0: Swinging Strike 0-1: Foul Ball, location: 2F 0-2: Strikes out swinging
|
Batting: RHB Bobby Gray
|
0-0: Fly out, F9 (Flyball, 89M, EV 91.9 MPH)
|
Batting: RHB Brian Warren
|
0-0: Called Strike 0-1: Foul Ball, location: 2F 0-2: Ball 1-2: Ball 2-2: Foul Ball, location: 2F 2-2: Strikes out swinging
|
Bottom of the 9th over - 1 run, 2 hits, 0 errors, 2 left on base; Columbia 8 - Tennessee 1 |
|